 Dungeon Crawl Stone Soup version 0.32-a0-163-g159c032296 (webtiles) character file.

Game seed: 1288379770393541939

12 Bravepunisher the Ducker (level 2, 0/16 HPs)
             Began as a Spriggan Monk on Feb 11, 2024.
             Succumbed to an adder's poison
             ... on level 5 of the Dungeon.
             The game lasted 00:02:40 (408 turns).

Bravepunisher the Ducker (Spriggan Monk)             Turns: 408, Time: 00:02:41

Health: 0/16       AC:  3    Str:  7    XL:     2   Next: 20%
Magic:  3/3        EV: 19    Int: 11    God:
Gold:   0          SH:  0    Dex: 17    Spells: 1/1 levels left

rFire   . . .        a - +0 short sword
rCold   . . .        (no shield)
rNeg    . . .        b - +1 robe
rPois   .            (helmet restricted)
rElec   .            (no cloak)
rCorr   .            (gloves unavailable)
SInv    +            (boots unavailable)
Will    .....        (no amulet)
Stlth   ++           (no ring)
HPRegen 0.22/turn    (no ring)
MPRegen 0.08/turn

%: no passive effects
@: lethally poisoned (0 -> -3), on berserk cooldown, slowed, quick
A: very small, no large weapons, unfitting armour, see invisible, speed 3
a: no special abilities


You were on level 5 of the Dungeon.
You visited 1 branch of the dungeon, and saw 6 of its levels.

Inventory:

Hand Weapons
 a - a +0 short sword (weapon)
Missiles
 g - a throwing net (quivered)
Armour
 b - a +1 robe (worn)
Jewellery
 f - a +4 ring of protection
Scrolls
 i - a scroll of revelation {unknown}
Potions
 c - a potion of ambrosia


   Skills:
 + Level 2.6 Fighting
 - Level 3.2 Short Blades
 * Level 4.6 Dodging


You had one spell level left.
You didn't know any spells.
Your spell library was empty.

Dungeon Overview and Level Annotations

Branches:
Dungeon (6/15)
 Temple: D:4-7

Altars:
Uskayaw

Shops:
D:5 *=

Annotations:
D:5 1 transporter


Innate Abilities, Weirdness & Mutations

You are very small and have problems with some larger weapons.
You are too small for most types of armour.
You have supernaturally acute eyesight. (SInv)
You cover ground extremely quickly. (Speed+++)


Message History

The adder completely misses you.
You hit the adder but do no damage.
The adder is heavily wounded.
The adder bites you but does no damage.
You miss the adder.
The adder is heavily wounded.
The adder completely misses you. The adder bites you.
You are poisoned.
The adder poisons you!
You hit the adder.
The adder is heavily wounded.
You feel sick. The adder bites you.
You are lethally poisoned!
The adder poisons you!
You miss the adder. Your punch misses the adder.
The adder is heavily wounded.
* * * LOW HITPOINT WARNING * * *
You feel sick. The adder misses you.
It was a potion of berserk rage.
A red film seems to cover your vision as you go berserk!
You feel yourself moving faster!
You feel mighty!
* * * LOW HITPOINT WARNING * * *
You feel sick. The adder closely misses you.
You are too berserk!
You puncture the adder!
You kill the adder!
You have reached level 2!
* * * LOW HITPOINT WARNING * * *
You feel sick.
You feel a strong urge to attack something.
There is an entrance to Lusanoemp's General Store here.
There is a lethal amount of poison in your body!
There is a lethal amount of poison in your body!
* * * LOW HITPOINT WARNING * * *
You feel sick.
You feel your anger nearly subside.
You are no longer berserk.
You are exhausted.
You feel yourself slow down.
You die...

###### ###.... .....
##### #...# #.>.# .
#...# ##.. #.@.# ....
#...#.##..#### #####
.......# .....
#.....# .......
#....g######
.###.##.##...ogo..o..
.. #.# ........##....
.. ... .#.....<...#.#
#......####o.


There were no monsters in sight!

Vanquished Creatures
  An adder (D:5)
  A goblin (D:2)
  A quokka (D:2)
3 creatures vanquished.

Notes
Turn   | Place    | Note
-------+----------+-------------------------------------------
     0 | D:1      | Bravepunisher the Spriggan Monk began the quest for the
                  | Orb.
     0 | D:1      | Reached XP level 1. HP: 11/11 MP: 2/2
   167 | D:2      | Found a faded altar of an unknown god.
   258 | D:5      | Entered Level 5 of the Dungeon
   258 | D:5      | Noticed a bombardier beetle
   260 | D:5      | Found Oguidett's Jewellery Emporium.
   301 | D:4      | Noticed a bombardier beetle
   314 | D:4      | Found a hide-covered altar of Uskayaw.
   355 | D:5      | Noticed an orc wizard
   364 | D:5      | Noticed a hound
   369 | D:5      | Found a transporter.
   373 | D:5      | Noticed an electric eel
   373 | D:5      | Noticed an electric eel
   376 | D:5      | Noticed an electric eel
   376 | D:5      | Noticed an electric eel
   381 | D:5      | Noticed an iguana
   389 | D:6      | Noticed a scorpion
   394 | D:5      | Found Lusanoemp's General Store.
   404 | D:5      | Reached XP level 2. HP: 3/16 MP: 3/3
   406 | D:5      | HP: 1/24 [poisoned by an adder]
   408 | D:5      | Succumbed to an adder's poison

Illustrated notes

Levels and vault maps discovered:
D:1:      heliophobic_arrival_battle_scene, layout_basic
D:2:      layout_loops_ring, ebering_ecumenical_altar_ruins,
          hangedman_decor_riveting, uniq_terence
D:3:      layout_loops_corners, serial_shops, shop, uniq_grinder
D:4:      layout_basic, nicolae_uskayaw_murder_on_the_dancefloor,
          mainiacjoe_overflow_paths
D:5:      gammafunk_steamed_eel, layout_rooms, nicolae_tso_swordbearing_angel,
          nicolae_hepliaklqana_hippocampus, nicolae_ossuary_entry_ruins,
          serial_shops, nicolae_take_the_stairs, nicolae_shop_statue_plus
D:6:      layout_basic, mainiacjoe_overflow_six_doors_small

Action                     || total
---------------------------++-------
  Melee: Short sword       ||    25
         Punch             ||     1
    Use: Scroll            ||     2
         Potion            ||     1
 Armour: Robe              ||     8
  Dodge: Dodged            ||    39

Table legend: (Time is in decaauts)
 A = Elapsed time spent in this place.
 B = Non-inter-level travel time spent in this place.
 C = Inter-level travel time spent in this place.
 D = Time resting spent in this place.
 E = Time spent auto-exploring this place.
 F = Levels seen in this place.
 G = Mean time per level.
                   A        B        C        D        E       F      G
               +--------+--------+--------+--------+--------+-----+--------+
         Total |    263 |    263 |      0 |      0 |     46 |   6 |   43.8 |
       Dungeon |    263 |    263 |      0 |      0 |     46 |   6 |   43.8 |
               +--------+--------+--------+--------+--------+-----+--------+

Top non-repeatable levels by time:
     D:2: 99 daAuts
     D:4: 63 daAuts
     D:3: 34 daAuts
     D:5: 31 daAuts
     D:1: 25 daAuts
     D:6: 8 daAuts
